 Dungeon Crawl Stone Soup version 0.23.0 (webtiles) character file.

Game seed: 937955587784158151

72797 EtherCrawl the Covert (level 15, -9/115 HPs)
             Began as a Gnoll Enchanter on Feb 18, 2019.
             Was the Champion of Okawaru.
             Mangled by an ogre
             ... wielding a +0 giant spiked club
              (18 damage)
             ... while paralysed by an orc sorcerer
             ... on level 2 of the Orcish Mines.
             The game lasted 02:01:52 (30379 turns).

EtherCrawl the Covert (Gnoll Enchanter)            Turns: 30379, Time: 02:01:53

Health: -9/115     AC: 10    Str: 20    XL:     15   Next: 41%
Magic:  21/21      EV:  2    Int: 23    God:    Okawaru [******]
Gold:   670        SH:  0    Dex: 22    Spells: 14/36 levels left

rFire    . . .     SeeInvis +   r - +3 dagger (protect)
rCold    + + .     Gourm    .   m - +0 shield {rC+}
rNeg     . . .     Faith    .   x - +2 robe {MR+}
rPois    +         Spirit   .   u - +1 hat of the Orb Guardian {rC+ rCorr MP-9 Str+4 SInv}
rElec    .         Reflect  +   (no cloak)
rCorr    +         Harm     .   C - +2 pair of gloves
MR       ++...                  T - +0 pair of boots of Experimentation {+Blink Dex+2}
Stlth    +++++.....             D - amulet of Xonan {Reflect Str+4 Dex+5 SH+4}
HPRegen  0.29/turn              f - ring of poison resistance
MPRegen  0.17/turn              p - +4 ring of evasion

@: paralysed
A: distributed training, fangs 1, strong nose
a: Heroism, Finesse, Renounce Religion, Evoke Blink


You were on level 2 of the Orcish Mines.
You worshipped Okawaru.
Okawaru was exalted by your worship.
You were not hungry.

You visited 4 branches of the dungeon, and saw 23 of its levels.
You also visited: Ossuary.

You collected 1575 gold pieces.
You spent 905 gold pieces at shops.

Inventory:

Hand Weapons
 b - a +2 trident of flaming
 r - a +3 dagger of protection (weapon)
 t - a +0 blowgun
Missiles
 v - 2 curare-tipped needles
 y - 394 arrows
 F - 32 tomahawks (quivered)
 L - 4 needles of confusion
Armour
 m - a +0 shield of cold resistance (worn)
 n - a +0 troll leather armour
 u - the +1 hat of the Orb Guardian (worn) {rC+ rCorr MP-9 Str+4 SInv}
   (Okawaru gifted it to you on level 5 of the Lair of Beasts)

   It affects your strength (+4).
   It protects you from cold.
   It affects your magic capacity (-9).
   It lets you see invisible.
   It provides partial protection from all sources of acid and corrosion.
 x - a +2 robe of magic resistance (worn)
 C - a +2 pair of gloves (worn)
 T - the +0 pair of boots of Experimentation (worn) {+Blink Dex+2}
   (You found it on level 9 of the Dungeon)

   It affects your dexterity (+2).
   It lets you blink.
 U - a +1 robe of resistance
 Y - +2 fire dragon scales
Jewellery
 f - a ring of poison resistance (left hand)
 j - an uncursed ring of flight
 p - a +4 ring of evasion (right hand)
 w - an uncursed ring of positive energy
 D - the amulet of Xonan (around neck) {Reflect Str+4 Dex+5 SH+4}
   (You bought it in a shop on level 4 of the Dungeon)

   [amulet of reflection]

   It shields you and reflects attacks.
   It affects your strength (+4).
   It affects your dexterity (+5).
   It affects your SH (+4).
 O - an uncursed ring of protection from magic
Wands
 h - a wand of polymorph (19)
 A - a wand of enslavement (25)
 B - a wand of scattershot (3)
 R - a wand of iceblast (9)
 S - a wand of flame (62)
 X - a wand of paralysis (17)
Scrolls
 c - 5 scrolls of remove curse
 e - a scroll of immolation
 o - 6 scrolls of amnesia
 q - a scroll of identify
 K - 4 scrolls of fog
 N - 7 scrolls of teleportation
 Q - 4 scrolls of fear
 Z - 2 scrolls of holy word
Potions
 a - a potion of brilliance
 g - 8 potions of curing
 i - a potion of cancellation
 k - a potion of resistance
 s - 2 potions of magic
 z - 4 potions of flight
 E - 2 potions of heal wounds
 G - 2 potions of berserk rage
 I - 2 potions of agility
 J - 5 potions of haste
 M - a potion of might
 W - a potion of mutation
Miscellaneous
 H - a box of beasts
 P - a fan of gales
Comestibles
 d - 48 rations
 l - 3 chunks of flesh


   Skills:
 + Level 9.9 Fighting
 + Level 10.2 Short Blades
 + Level 9.9 Long Blades
 + Level 9.9 Axes
 + Level 9.9 Maces & Flails
 + Level 9.9 Polearms
 + Level 9.9 Staves
 + Level 9.9 Slings
 + Level 9.9 Bows
 + Level 9.9 Crossbows
 + Level 9.9 Throwing
 + Level 9.9 Armour
 + Level 10.8 Dodging
 + Level 11.4 Stealth
 + Level 9.9 Shields
 + Level 9.9 Unarmed Combat
 + Level 11.0 Spellcasting
 + Level 8.3 Conjurations
 + Level 10.0 Hexes
 + Level 8.3 Charms
 + Level 8.3 Summonings
 + Level 8.3 Necromancy
 + Level 8.3 Translocations
 + Level 8.3 Transmutations
 + Level 8.3 Fire Magic
 + Level 8.3 Ice Magic
 + Level 8.3 Air Magic
 + Level 8.3 Earth Magic
 + Level 8.3 Poison Magic
 + Level 10.7 Invocations
 + Level 9.9 Evocations


You had 14 spell levels left.
You knew the following spells:

 Your Spells              Type           Power        Failure   Level  Hunger
a - Corona                Hex            ######.      1%          1    None
b - Ensorcelled Hibernat  Hex/Ice        ######       1%          2    None
c - Confuse               Hex            ######..     1%          3    None
d - Tukima's Dance        Hex            ######..     1%          3    None
e - Dazzling Spray        Conj/Hex       ######       1%          3    None
f - Conjure Flame         Conj/Fire      ######..     1%          3    None
g - Mephitic Cloud        Conj/Pois/Air  ######..     1%          3    None
h - Olgreb's Toxic Radia  Pois           ######..     3%          4    None

Your spell library contained the following spells:

 Spells                   Type           Power        Failure   Level  Hunger
 Flame Tongue             Conj/Fire      #####        1%          1    None
 Sting                    Conj/Pois      ####         1%          1    None
 Poisonous Vapours        Pois/Air       ######       1%          2    None
 Throw Flame              Conj/Fire      ######       1%          2    None
 Inner Flame              Hex/Fire       ######..     1%          3    None
 Sticky Flame             Conj/Fire      ######..     3%          4    None
 Summon Lightning Spire   Summ/Air       ######..     3%          4    None
 Silence                  Hex/Air        ######....   6%          5    ####...
 Fireball                 Conj/Fire      ######....   9%          5    ####...
 Venom Bolt               Conj/Pois      ######....   9%          5    ####...
 Conjure Ball Lightning   Conj/Air       ######....   45%         6    #####..
 Deflect Missiles         Chrm/Air       ######....   45%         6    #####..
 Freezing Cloud           Conj/Ice/Air   ######....   45%         6    #####..
 Ring of Flames           Chrm/Fire      ######....   95%         7    #######
 Tornado                  Air            ######....   100%        9    #######


Dungeon Overview and Level Annotations

Branches:
Dungeon (14/15)            Temple (1/1) D:5            Lair (6/6) D:10
  Swamp (0/4) Lair:3        Snake (0/4) Lair:3        Slime (0/5) Lair:5
    Orc (2/2) D:12            Elf (0/3) Orc:2
 Vaults: D:13-14

Altars:
Ashenzari
Cheibriados
Dithmenos
Gozag
Hepliaklqana
Kikubaaqudgha
Makhleb
Okawaru
Trog
Yredelemnul
Zin
The Shining One
Beogh
Jiyva

Shops:
D:4 =   D:9 *}(?   Orc:1 [   Orc:2 }}

Annotations:
D:2 1 runed translucent door, Crazy Yiuf
D:9 3 runed translucent doors, Scud's ghost, novice MiBe
Lair:5 3 runed translucent doors, xccam's ghost, journeyman DrTm
Lair:6 exclusion: oklob plant


Innate Abilities, Weirdness & Mutations

Your experience applies equally to all skills.
You have very sharp teeth.
Your uncanny sense of smell can sniff out nearby items.


Message History

The orc sorcerer points at you and mumbles some strange words.
You suddenly lose the ability to move!
The ogre hits you with a +0 giant spiked club.
The orc knight hits you with a +2 bardiche!
The orc sorcerer hits you but does no damage.
The ogre hits you with a +0 giant spiked club!
The orc knight roars a battlecry!
The orc sorcerer goes into a battle-frenzy!
The orc sorcerer casts a spell at you. You resist with almost no effort.
The orc knight hits you with a +2 bardiche!!
The ogre hits you with a +0 giant spiked club!
The orc sorcerer hits you with a +0 dagger!
* * * LOW HITPOINT WARNING * * *
The orc sorcerer hits you with a +0 dagger.
* * * LOW HITPOINT WARNING * * *
The orc knight hits you with a +2 bardiche!
* * * LOW HITPOINT WARNING * * *
The ogre hits you with a +0 giant spiked club!!
You die...

### #.#
##.##
#...#
##...##
#.Ooo.#
#$.@[.#
#.....#
###'###
#.#
######'#
#......#
###'######
∆ #.....#
#.###
+.._).#
#....####
....


You could see an orc knight, an orc sorcerer and an ogre.

Vanquished Creatures
  2 orc warlords (Orc:2)
  Erica (Lair:2)
  9 hydras
  A catoblepas (Lair:6)
  7 two-headed ogres
  4 orc high priests (Orc:2)
  Urug (Lair:5)
  2 unseen horrors (D:12)
  5 orc sorcerers (Orc:2)
  A cyclops (D:14)
  An ugly thing (D:9)
  A wolf spider (Lair:6)
  A manticore (D:14)
  3 black mambas
  A guardian serpent (Lair:3)
  16 elephants
  An ice statue (Lair:6)
  10 spiny frogs
  A gargoyle (D:12)
  A freezing wraith (Lair:6)
  A rime drake (Lair:3)
  2 komodo dragons
  A queen bee (Lair:3)
  5 polar bears (Lair:6)
  7 trolls
  A bog body (Lair:3)
  7 hornets
  22 blink frogs
  2 dream sheep (Lair:6)
  6 hippogriffs
  13 spriggans
  3 wyverns
  50 yaks
  2 vampire mosquitoes (D:14)
  A wraith (D:7)
  Eustachio (D:6)
  3 basilisks
  4 hungry ghosts
  3 wargs
  Menkaure (Ossuary)
  An acid dragon (D:14)
  Duvessa (D:7)
  8 porcupines
  15 water moccasins
  9 ice beasts
  2 sky beasts
  32 orc warriors
  4 black bears
  A necrophage (D:7)
  3 boggarts (Lair:6)
  2 phantoms
  4 centaurs
  10 ogres
  2 eyes of draining (D:11)
  26 wolves
  3 big kobolds
  7 crocodiles
  2 elf zombies (D:6)
  13 bullfrogs
  An elf skeleton (D:6)
  Dowan (D:7)
  A scorpion (D:12)
  A troll zombie (D:12)
  A wight (D:7)
  A wyvern skeleton (D:7)
  23 killer bees (Lair:3)
  A troll skeleton (D:7)
  A crimson imp (D:8)
  2 bullfrog zombies
  3 howler monkeys (D:8)
  26 orc priests
  A quasit (D:8)
  5 centaur zombies
  3 jellies
  5 bullfrog skeletons
  17 orc wizards
  5 hounds
  2 human skeletons (D:6)
  5 centaur skeletons
  8 human zombies
  9 worker ants
  A killer bee zombie (D:6)
  5 ogre zombies (D:12)
  5 hound skeletons
  5 mummies
  2 worker ant zombies (D:4)
  Robin (D:4)
  2 howler monkey zombies (D:4)
  3 gnolls (D:2)
  15 adders
  2 shadow imps
  2 white imps (Lair:6)
  2 oozes
  4 adder skeletons
  An adder zombie (D:8)
  A worm (D:2)
  3 dart slugs
  5 leopard geckos
  103 orcs
  3 ball pythons
  13 bats
  5 giant cockroaches
  3 gnoll zombies (Ossuary)
  12 hobgoblins
  11 jackals
  27 kobolds
  6 quokkas
  A ball python skeleton (D:5)
  5 frilled lizards
  4 gnoll skeletons (Ossuary)
  8 goblins
  7 goblin skeletons
  7 goblin zombies
  5 hobgoblin skeletons (Ossuary)
  10 hobgoblin zombies
  A jackal zombie (D:4)
  4 kobold skeletons (Ossuary)
  5 kobold zombies (Ossuary)
  3 leopard gecko skeletons
  2 leopard gecko zombies (D:4)
  5 orc skeletons
  16 orc zombies
  2 quokka skeletons
  3 quokka zombies
  3 rats
  A rat skeleton (Ossuary)
  2 rat zombies (Ossuary)
  2 butterflies
809 creatures vanquished.

Vanquished Creatures (others)
  An orc knight (Orc:1)
  2 orcs
  A hobgoblin skeleton (Ossuary)
  An orc skeleton (Ossuary)
  A rat skeleton (Ossuary)
  7 fungi
  4 plants
17 creatures vanquished.

Grand Total: 826 creatures vanquished

Notes
Turn   | Place    | Note
-------+----------+-------------------------------------------
     0 | D:1      | EtherCrawl the Gnoll Enchanter began the quest for the Orb.
     0 | D:1      | Reached XP level 1. HP: 13/13 MP: 6/6
   179 | D:1      | Reached XP level 2. HP: 19/19 MP: 7/7
   185 | D:1      | Learned a level 2 spell: Ensorcelled Hibernation
   206 | D:1      | Found an iron altar of Okawaru.
   451 | D:1      | Became a worshipper of Warmaster Okawaru
   556 | D:2      | Reached XP level 3. HP: 13/25 MP: 5/9
   738 | D:2      | Found a runed translucent door.
   739 | D:2      | Noticed Crazy Yiuf
   819 | D:2      | Reached skill level 5 in Spellcasting
  1169 | D:2      | Reached skill level 1 in Invocations
  1203 | D:2      | Reached skill level 1 in Fighting
  1203 | D:2      | Reached skill level 1 in Long Blades
  1203 | D:2      | Reached skill level 1 in Axes
  1203 | D:2      | Reached skill level 1 in Maces & Flails
  1203 | D:2      | Reached skill level 1 in Polearms
  1203 | D:2      | Reached skill level 1 in Staves
  1203 | D:2      | Reached skill level 1 in Slings
  1203 | D:2      | Reached skill level 1 in Bows
  1203 | D:2      | Reached skill level 1 in Crossbows
  1203 | D:2      | Reached skill level 1 in Throwing
  1203 | D:2      | Reached skill level 1 in Armour
  1203 | D:2      | Reached skill level 1 in Shields
  1203 | D:2      | Reached skill level 1 in Unarmed Combat
  1203 | D:2      | Reached skill level 1 in Evocations
  1248 | D:2      | HP: 1/26 [gnoll/cursed -3 flail (9)]
  1723 | D:2      | Reached XP level 4. HP: 32/32 MP: 8/11
  2048 | D:3      | Learned a level 3 spell: Confuse
  2078 | D:3      | Reached skill level 1 in Conjurations
  2078 | D:3      | Reached skill level 1 in Charms
  2078 | D:3      | Reached skill level 1 in Summonings
  2078 | D:3      | Reached skill level 1 in Necromancy
  2078 | D:3      | Reached skill level 1 in Translocations
  2078 | D:3      | Reached skill level 1 in Transmutations
  2078 | D:3      | Reached skill level 1 in Fire Magic
  2078 | D:3      | Reached skill level 1 in Ice Magic
  2078 | D:3      | Reached skill level 1 in Air Magic
  2078 | D:3      | Reached skill level 1 in Earth Magic
  2078 | D:3      | Reached skill level 1 in Poison Magic
  2120 | D:3      | Reached XP level 5. HP: 31/37 MP: 12/12
  2800 | D:4      | Reached XP level 6. HP: 44/44 MP: 13/13
  2811 | D:4      | Found a snail-covered altar of Cheibriados.
  2812 | D:4      | Found a glowing golden altar of the Shining One.
  2814 | D:4      | Found an iron altar of Okawaru.
  2814 | D:4      | Found a burning altar of Makhleb.
  2835 | D:4      | Found a shadowy altar of Dithmenos.
  2919 | D:4      | Found Qurrahiy's Jewellery Shop.
  2963 | D:4      | Noticed Robin
  3034 | D:4      | Killed Robin
  3064 | D:4      | Reached skill level 5 in Dodging
  3534 | D:4      | Reached XP level 7. HP: 44/50 MP: 12/15
  3661 | D:5      | Entered Level 5 of the Dungeon
  3929 | D:4      | Learned a level 3 spell: Tukima's Dance
  3933 | D:4      | Learned a level 3 spell: Dazzling Spray
  4315 | D:5      | Found a staircase to the Ecumenical Temple.
  4346 | Temple   | Entered the Ecumenical Temple
  4536 | D:6      | Reached * piety under Okawaru
  4540 | D:6      | Noticed a yak
  4545 | D:6      | Noticed a yak
  4594 | D:6      | Killed a yak
  4594 | D:6      | Reached XP level 8. HP: 32/57 MP: 12/16
  4595 | D:6      | Noticed a yak
  4598 | D:6      | Killed a yak
  4600 | D:6      | Killed a yak
  4600 | D:6      | Reached ** piety under Okawaru
  4731 | D:6      | Found a sand-covered staircase.
  4813 | Ossuary  | Entered an ossuary
  5404 | Ossuary  | Noticed Menkaure
  5446 | Ossuary  | Killed Menkaure
  5701 | D:6      | Reached XP level 9. HP: 44/65 MP: 18/18
  5869 | D:6      | Noticed Eustachio
  6757 | D:6      | Killed Eustachio
  7088 | D:7      | Reached *** piety under Okawaru
  7088 | D:7      | Reached skill level 5 in Short Blades
  7495 | D:7      | Found an ancient bone altar of Kikubaaqudgha.
  7741 | D:7      | Reached skill level 5 in Invocations
  7824 | D:7      | Reached **** piety under Okawaru
  7957 | D:7      | Noticed Dowan
  7994 | D:7      | Reached XP level 10. HP: 73/73 MP: 15/20
  8082 | D:7      | Noticed Duvessa
  8103 | D:7      | Killed Dowan
  8168 | D:7      | Killed Duvessa
  8168 | D:7      | Received a gift from Okawaru
  8610 | D:7      | Reached skill level 5 in Fighting
  8610 | D:7      | Reached skill level 5 in Long Blades
  8610 | D:7      | Reached skill level 5 in Axes
  8610 | D:7      | Reached skill level 5 in Maces & Flails
  8610 | D:7      | Reached skill level 5 in Polearms
  8610 | D:7      | Reached skill level 5 in Staves
  8610 | D:7      | Reached skill level 5 in Slings
  8610 | D:7      | Reached skill level 5 in Bows
  8610 | D:7      | Reached skill level 5 in Crossbows
  8610 | D:7      | Reached skill level 5 in Throwing
  8610 | D:7      | Reached skill level 5 in Armour
  8610 | D:7      | Reached skill level 5 in Shields
  8610 | D:7      | Reached skill level 5 in Unarmed Combat
  8610 | D:7      | Reached skill level 5 in Evocations
  8811 | D:8      | Found a basalt altar of Yredelemnul.
  8855 | D:8      | Found a glowing silver altar of Zin.
  9369 | D:9      | Found Bykoluri's Antique Weapon Shop.
  9390 | D:9      | Found Duti's Magic Scroll Emporium.
  9393 | D:9      | Bought a scroll of teleportation for 42 gold pieces
  9393 | D:9      | Bought a scroll of fear for 49 gold pieces
  9393 | D:9      | Bought a scroll of fog for 28 gold pieces
  9597 | D:8      | Reached ***** piety under Okawaru
  9673 | D:9      | Noticed a two-headed ogre
  9687 | D:9      | Killed a two-headed ogre
  9687 | D:9      | Received a gift from Okawaru
  9687 | D:9      | Reached XP level 11. HP: 79/81 MP: 11/22
  9731 | D:9      | Found Woakerhefro's General Store.
  9756 | D:9      | Noticed a two-headed ogre
  9772 | D:9      | Killed a two-headed ogre
 10244 | D:9      | Noticed a red ugly thing
 10265 | D:9      | Killed a red ugly thing
 10290 | D:9      | Found a runed translucent gate.
 10290 | D:9      | Found a runed translucent gate.
 10290 | D:9      | Found a runed translucent gate.
 10302 | D:9      | Found Namixaoc's Food Boutique.
 10322 | D:9      | Noticed Scud's ghost (novice MiBe)
 10431 | D:9      | Found Neckella's Gadget Shoppe.
 10438 | D:9      | Got a pair of encrusted boots
 10444 | D:9      | Identified the cursed +0 pair of boots of Experimentation
                  | {+Blink Dex+2} (You found it on level 9 of the Dungeon)
 10454 | D:9      | Reached skill level 5 in Conjurations
 10454 | D:9      | Reached skill level 5 in Charms
 10454 | D:9      | Reached skill level 5 in Summonings
 10454 | D:9      | Reached skill level 5 in Necromancy
 10454 | D:9      | Reached skill level 5 in Translocations
 10454 | D:9      | Reached skill level 5 in Transmutations
 10454 | D:9      | Reached skill level 5 in Fire Magic
 10454 | D:9      | Reached skill level 5 in Ice Magic
 10454 | D:9      | Reached skill level 5 in Air Magic
 10454 | D:9      | Reached skill level 5 in Earth Magic
 10454 | D:9      | Reached skill level 5 in Poison Magic
 10572 | D:10     | Entered Level 10 of the Dungeon
 10765 | D:10     | Noticed a two-headed ogre
 10773 | D:10     | Killed a two-headed ogre
 11179 | D:10     | Found an opulent altar of Gozag.
 11236 | D:10     | Found a staircase to the Lair.
 11265 | D:10     | Learned a level 3 spell: Conjure Flame
 11837 | D:10     | Received a gift from Okawaru
 12226 | D:11     | You fall through a shaft!
 12264 | D:11     | Learned a level 3 spell: Mephitic Cloud
 12417 | D:11     | Noticed a two-headed ogre
 12497 | D:10     | Killed a two-headed ogre
 12629 | D:11     | Noticed a seven-headed hydra
 12823 | D:11     | Got a spiked leather armour
 13079 | D:10     | Identified the +1 leather armour of the Gloaming {Dex+4}
                  | (You found it on level 11 of the Dungeon)
 13765 | D:11     | Killed a seven-headed hydra
 14021 | D:12     | Reached XP level 12. HP: 83/89 MP: 18/24
 14162 | D:12     | Found a staircase to the Orcish Mines.
 14217 | D:12     | You fall through a shaft for 2 floors!
 14279 | D:14     | Reached ****** piety under Okawaru
 14408 | D:14     | Noticed a seven-headed hydra
 14414 | D:14     | Killed a seven-headed hydra
 14712 | D:14     | Found a bloodstained altar of Trog.
 14720 | D:14     | Noticed a tengu warrior
 14766 | D:13     | Received a gift from Okawaru
 15067 | D:12     | Found a shattered altar of Ashenzari.
 15069 | D:12     | Noticed a five-headed hydra
 15106 | D:12     | Killed a five-headed hydra
 15277 | D:12     | Noticed a two-headed ogre
 15280 | D:12     | Killed a two-headed ogre
 15280 | D:12     | Received a gift from Okawaru
 15951 | Lair:1   | Entered Level 1 of the Lair of Beasts
 17553 | Lair:2   | Noticed a seven-headed hydra
 17571 | Lair:2   | Killed a seven-headed hydra
 17571 | Lair:2   | Received a gift from Okawaru
 17574 | Lair:2   | Got a topaz-studded scale mail {god gift}
 17585 | Lair:2   | Identified the +4 scale mail "Moysokah" {-Tele rPois Dex+7
                  | Stlth+} (Okawaru gifted it to you on level 2 of the Lair of
                  | Beasts)
 17647 | Lair:2   | Reached XP level 13. HP: 79/98 MP: 15/26
 17886 | Lair:2   | Noticed Erica
 17892 | Lair:2   | Killed Erica
 18477 | Lair:3   | Reached skill level 10 in Stealth
 19197 | Lair:3   | Found a staircase to the Snake Pit.
 19262 | Lair:3   | Found a staircase to the Swamp.
 20508 | Lair:4   | Received a gift from Okawaru
 21256 | Lair:5   | Noticed xccam's ghost (journeyman DrTm)
 21256 | Lair:5   | Noticed a minotaur
 21380 | Lair:5   | Found a runed translucent gate.
 21381 | Lair:5   | Found a runed translucent gate.
 21381 | Lair:5   | Found a runed translucent gate.
 21394 | Lair:5   | Reached skill level 10 in Spellcasting
 21425 | Lair:5   | Reached XP level 14. HP: 100/106 MP: 17/28
 21624 | Lair:5   | Noticed Urug
 21637 | Lair:5   | Killed Urug
 21723 | Lair:5   | Reached skill level 10 in Dodging
 21944 | Lair:5   | Found a viscous altar of Jiyva.
 21944 | Lair:5   | Found a staircase to the Slime Pits.
 22142 | Lair:6   | Entered Level 6 of the Lair of Beasts
 22575 | Lair:5   | Received a gift from Okawaru
 22578 | Lair:5   | Got a polished hat {god gift}
 22589 | Lair:5   | Identified the +1 hat of the Orb Guardian {rC+ rCorr MP-9
                  | Str+4 SInv} (Okawaru gifted it to you on level 5 of the
                  | Lair of Beasts)
 22880 | D:9      | Bought a scroll of fear for 45 gold pieces
 22880 | D:9      | Bought a scroll of identify for 26 gold pieces
 22948 | D:4      | Bought the amulet of Xonan {Reflect Str+4 Dex+5 SH+4} for
                  | 687 gold pieces
 22999 | D:9      | Bought a scroll of identify for 28 gold pieces
 24476 | Lair:6   | Reached skill level 10 in Invocations
 25557 | Lair:6   | Received a gift from Okawaru
 27079 | Orc:1    | Entered Level 1 of the Orcish Mines
 27208 | Orc:1    | Found Lasil's Antique Armour Boutique.
 27331 | Orc:2    | Entered Level 2 of the Orcish Mines
 27421 | Orc:2    | Reached XP level 15. HP: 114/114 MP: 12/29
 28136 | Orc:2    | Learned a level 4 spell: Olgreb's Toxic Radiance
 28187 | Orc:2    | Noticed an orc warlord
 28197 | Orc:2    | Killed an orc warlord
 28197 | Orc:2    | Reached skill level 10 in Short Blades
 28443 | Orc:2    | Found a staircase to the Elven Halls.
 28549 | Orc:2    | Paralysed by an orc sorcerer for 2 turns
 28823 | Orc:2    | Found Rato's Gadget Boutique.
 29146 | Orc:2    | Found a roughly hewn altar of Beogh.
 29148 | Orc:2    | Noticed an orc warlord
 29374 | Orc:2    | Killed an orc warlord
 30098 | Orc:2    | Found Olyuxt's Gadget Shop.
 30309 | Orc:2    | Found a roughly hewn altar of Beogh.
 30374 | Orc:2    | Reached skill level 10 in Hexes
 30375 | Orc:2    | Paralysed by an orc sorcerer for 6 turns
 30379 | Orc:2    | Mangled by an ogre

Skill      XL: |  1  2  3  4  5  6  7  8  9 10 11 12 13 14 15 |
---------------+----------------------------------------------+-----
Spellcasting   | 5 6 7 8 9 10 11 | 11.0
Stealth        | 6 7 8 9 10 11 | 11.4
Invocations    | 1 2 3 4 5 6 7 8 9 10 | 10.7
Fighting       | 1 2 3 4 5 6 7 8 9 |  9.9
Long Blades    | 1 2 3 4 5 6 7 8 9 |  9.9
Axes           | 1 2 3 4 5 6 7 8 9 |  9.9
Maces & Flails | 1 2 3 4 5 6 7 8 9 |  9.9
Polearms       | 1 2 3 4 5 6 7 8 9 |  9.9
Staves         | 1 2 3 4 5 6 7 8 9 |  9.9
Slings         | 1 2 3 4 5 6 7 8 9 |  9.9
Bows           | 1 2 3 4 5 6 7 8 9 |  9.9
Crossbows      | 1 2 3 4 5 6 7 8 9 |  9.9
Throwing       | 1 2 3 4 5 6 7 8 9 |  9.9
Armour         | 1 2 3 4 5 6 7 8 9 |  9.9
Shields        | 1 2 3 4 5 6 7 8 9 |  9.9
Unarmed Combat | 1 2 3 4 5 6 7 8 9 |  9.9
Evocations     | 1 2 3 4 5 6 7 8 9 |  9.9
Conjurations   | 1 2 3 4 5 6 7 8 |  8.3
Charms         | 1 2 3 4 5 6 7 8 |  8.3
Summonings     | 1 2 3 4 5 6 7 8 |  8.3
Necromancy     | 1 2 3 4 5 6 7 8 |  8.3
Translocations | 1 2 3 4 5 6 7 8 |  8.3
Transmutations | 1 2 3 4 5 6 7 8 |  8.3
Fire Magic     | 1 2 3 4 5 6 7 8 |  8.3
Ice Magic      | 1 2 3 4 5 6 7 8 |  8.3
Air Magic      | 1 2 3 4 5 6 7 8 |  8.3
Earth Magic    | 1 2 3 4 5 6 7 8 |  8.3
Poison Magic   | 1 2 3 4 5 6 7 8 |  8.3
Short Blades   | 3 4 5 6 7 8 9 10 | 10.2
Dodging        | 5 6 7 8 9 10 | 10.8
Hexes          | 6 7 8 9 10 | 10.0

Action                   |  1- 3 |  4- 6 |  7- 9 | 10-12 | 13-15 || total
-------------------------+-------+-------+-------+-------+-------++-------
Melee: Dagger            |    59 |   334 |   805 |  1027 |  1272 ||  3497
       Bite              |     2 |    40 |   103 |   107 |   205 ||   457
       Punch             |     2 |     3 |    17 |    36 |       ||    58
       Trident           |       |       |       |       |   191 ||   191
Throw: Stone             |     2 |       |       |       |       ||     2
       Tomahawk          |       |       |       |       |     3 ||     3
 Cast: Ensorcelled Hiber |     8 |     4 |    27 |   146 |   372 ||   557
       Corona            |     4 |     4 |     4 |     2 |    41 ||    55
       Confuse           |       |       |     7 |    51 |    49 ||   107
       Conjure Flame     |       |       |       |     7 |       ||     7
       Dazzling Spray    |       |       |       |       |     1 ||     1
Invok: Heroism           |       |       |     1 |     1 |     8 ||    10
       Finesse           |       |       |       |       |     1 ||     1
 Abil: Evoke Flight      |       |       |       |       |     1 ||     1
  Use: Scroll            |       |       |    15 |    13 |    10 ||    38
       Potion            |       |       |       |     1 |       ||     1
 Stab: Sleeping          |    11 |    13 |    39 |    92 |   221 ||   376
       Confused          |       |       |     7 |    19 |    30 ||    56
       Distracted        |       |       |     1 |     1 |     2 ||     4
  Eat: Chunk             |     1 |     7 |     9 |    34 |    35 ||    86
       Ration            |       |       |     2 |       |     2 ||     4
Armor: Robe              |    14 |    94 |   182 |   239 |   127 ||   656
Dodge: Dodged            |    24 |   192 |   471 |   712 |   669 ||  2068
Block: Buckler           |       |       |       |       |    65 ||    65
       Shield            |       |       |       |       |   787 ||   787
       Reflection        |       |       |       |       |    17 ||    17
